 Dungeon Crawl Stone Soup version 0.29.0-4-gdea44cf6ec (webtiles) character file.

Game seed: 15065552943200491164

129 qw the Chopper (level 5, 0/30 HPs)
             Began as a Tengu Warper on Aug 28, 2022.
             Slain by a worm (5 damage)
             ... on level 3 of the Dungeon.
             The game lasted 00:00:14 (2639 turns).

qw the Chopper (Tengu Warper)                       Turns: 2639, Time: 00:00:14

Health: 0/30       AC:  7    Str: 14    XL:     5   Next: 12%
Magic:  9/9        EV: 11    Int: 13    God:
Gold:   118        SH:  0    Dex: 13    Spells: 8/8 levels left

rFire   . . .      SeeInvis .   Y - +0 hand axe (freeze)
rCold   . . .      Faith    .   (no shield)
rNeg    . . .      Spirit   .   l - +0 scale mail
rPois   .          Reflect  .   (helmet restricted)
rElec   .          Harm     .   j - +0 cloak
rCorr   .          Rampage  .   (no gloves)
Will    .....                   (boots unavailable)
Stlth   ..........              (no amulet)
HPRegen 0.10/turn               (no ring)
MPRegen 0.11/turn               (no ring)

@: flying quickly and evasively, quick
A: beak, talons 3, nimble flight
a: no special abilities


You were on level 3 of the Dungeon.
You visited 1 branch of the dungeon, and saw 3 of its levels.

You collected 118 gold pieces.


Innate Abilities, Weirdness & Mutations

You have a beak for a mouth.
You have claws for feet.
Your magical nature lets you fly swiftly and evasively.


   Skills:
 - Level 2.0 Fighting
 + Level 5.7 Axes
 - Level 1.0 Throwing
 - Level 1.1 Armour
 - Level 2.1 Dodging
 - Level 2.0 Spellcasting
 - Level 2.4 Translocations


You had 8 spell levels left.
You didn't know any spells.
Your spell library contained the following spells:

 Spells                   Type           Power      Damage    Failure   Level
 Blink                    Tloc           14%        N/A       54%         2
 Gell's Gravitas          Tloc           7%         N/A       77%         3
 Lesser Beckoning         Tloc           7%         N/A       77%         3
 Teleport Other           Tloc           7%         N/A       77%         3
 Manifold Assault         Tloc           7%         N/A       100%        5

Inventory:

Hand Weapons
 i - a +0 whip
 Y - a +0 hand axe of freezing (weapon)
Armour
 j - a +0 cloak (worn)
 l - a +0 scale mail (worn)
Scrolls
 b - a scroll of fear {unknown}
 g - 2 scrolls of teleportation
Potions
 a - a potion of heal wounds {unknown}
 d - 2 potions of curing
 e - a potion of ambrosia {unknown}
 n - a potion of attraction {unknown}

Dungeon Overview and Level Annotations

Branches:
Dungeon (3/15)

Altars:
Vehumet

Annotations:
D:3 Grinder


Message History

You hit the worm. You freeze the worm. Your kick misses the worm.
You peck the worm.
The worm is almost dead.
The worm bites you but does no damage.
You slash the worm! You freeze the worm.
You kill the worm!
Found 6 stones.
b - a scroll labelled WUAQ ZIOHOM
Found an escape hatch in the floor.
You now have 118 gold pieces (gained 17).
A hobgoblin comes into view.
The hobgoblin shouts!
A hobgoblin comes into view.
2616 ||| Stepping ~*~*~tactically~*~*~ (stealth).
You hit the hobgoblin but do no damage. The hobgoblin barely misses you.
You hit the hobgoblin but do no damage. You claw the hobgoblin.
You kill the hobgoblin!
You hit the hobgoblin. You freeze the hobgoblin.
The hobgoblin is moderately wounded.
The hobgoblin hits you but does no damage.
You hit the hobgoblin. You freeze the hobgoblin.
You kill the hobgoblin!
A hobgoblin comes into view.
The hobgoblin shouts!
A worm comes into view.
2632 ||| Stepping ~*~*~tactically~*~*~ (stealth).
Grinder comes into view.
The hobgoblin hits you but does no damage.
You closely miss the hobgoblin. You claw the hobgoblin.
You kill the hobgoblin!
Found a red potion.
Found a stone staircase leading down.
Grinder gestures at you. Pain shoots through your body!
The worm closely misses you. Grinder hits you!
You writhe in agony.
You hit Grinder. You claw Grinder. Your peck misses Grinder.
Grinder is moderately wounded.
You hit the worm. You freeze the worm. Grinder hits you. The worm bites you.
You die...

#..... #..~~~7 #......#
###.~~~.~ #.#....######
#....~~P. .........
...#........
####......####.#........
........................
...........## .#........
..>......#..##.#)<.(....
#.....@.##%...####...#.
#....5w................
#.#.....####...###...#.
....##.###...#.....#.#.
....# #.# #.............
...! #.###..>..........
... ..................
.# #.#####.%#.##.....
#..#.##.....


You could see Grinder and a worm.

Vanquished Creatures
  Jessica (D:2)
  A gnoll (D:2)
  3 adders (D:2)
  3 worms
  An orc (D:3)
  6 ball pythons
  7 endoplasms
  A giant cockroach (D:1)
  5 goblins
  8 hobgoblins
  4 jackals (D:2)
  2 bats (D:2)
  3 frilled lizards (D:2)
  8 kobolds
  2 rats (D:2)
55 creatures vanquished.

Notes
Turn   | Place    | Note
-------+----------+-------------------------------------------
     0 | D:1      | qw the Tengu Warper began the quest for the Orb.
     0 | D:1      | Reached XP level 1. HP: 12/12 MP: 4/4
     0 | D:1      | 0 ||| qw: Version: 0.1-a-89-g26bdef1
     0 | D:1      | 0 ||| qw: Game counter: 1771
     0 | D:1      | 0 ||| qw: Always use a shield: true
     0 | D:1      | 0 ||| qw: God list: Okawaru
     0 | D:1      | 0 ||| qw: Allow faded altars: false
     0 | D:1      | 0 ||| qw: Do Orc after D:15 true
     0 | D:1      | 0 ||| qw: Do second Lair branch before Depths: true
     0 | D:1      | 0 ||| qw: Lair rune preference: random
     0 | D:1      | 0 ||| qw: Plans: Normal
     0 | D:1      | 0 ||| PLANNING D:1-11
   200 | D:1      | 200 ||| DROPPING +0 club.
   244 | D:1      | 244 ||| Stepping ~*~*~tactically~*~*~ (stealth).
   256 | D:1      | Reached skill level 3 in Axes
   256 | D:1      | Reached XP level 2. HP: 17/17 MP: 6/6
   489 | D:1      | 489 ||| UPGRADING to +0 cloak.
   494 | D:1      | 494 ||| UPGRADING to +0 scale mail.
   504 | D:1      | 504 ||| DROPPING +0 leather armour.
   505 | D:1      | 505 ||| DROPPING amulet of faith.
   506 | D:1      | 506 ||| READING scroll labelled HUONTYTSIKKE.
   510 | D:1      | 510 ||| READING scroll labelled COPNEV COCERPH.
   511 | D:1      | 511 ||| READING scroll labelled FETOQI ZEUMO.
   512 | D:1      | 512 ||| DRINKING 2 fizzy black potions.
   513 | D:1      | 513 ||| DROPPING scroll of blinking.
   574 | D:2      | Noticed Jessica
   579 | D:2      | Killed Jessica
   580 | D:2      | Reached skill level 4 in Axes
   580 | D:2      | Reached XP level 3. HP: 20/21 MP: 7/7
   637 | D:2      | HP: 5/21 [poisoned by an adder]
   911 | D:2      | Reached XP level 4. HP: 26/26 MP: 8/8
   968 | D:2      | HP: 6/26 [poisoned by a kobold]
  1329 | D:2      | Found a radiant altar of Vehumet.
  1487 | D:2      | 1487 ||| Stepping ~*~*~tactically~*~*~ (stealth).
  1494 | D:2      | 1494 ||| Stepping ~*~*~tactically~*~*~ (stealth).
  1495 | D:2      | 1495 ||| Stepping ~*~*~tactically~*~*~ (stealth).
  1536 | D:2      | Reached skill level 5 in Axes
  1544 | D:2      | 1544 ||| Stepping ~*~*~tactically~*~*~ (hiding).
  1588 | D:2      | 1588 ||| FLEEEEING.
  1590 | D:2      | 1590 ||| FLEEEEING.
  1593 | D:2      | 1593 ||| FLEEEEING.
  1613 | D:2      | 1613 ||| FLEEEEING.
  1614 | D:2      | 1614 ||| FLEEEEING.
  1615 | D:2      | 1615 ||| FLEEEEING.
  1616 | D:2      | 1616 ||| FLEEEEING.
  1617 | D:2      | 1617 ||| FLEEEEING.
  1640 | D:2      | 1640 ||| FLEEEEING.
  1642 | D:2      | 1642 ||| FLEEEEING.
  1643 | D:2      | 1643 ||| FLEEEEING.
  1645 | D:2      | 1645 ||| FLEEEEING.
  1647 | D:2      | 1647 ||| FLEEEEING.
  1648 | D:2      | 1648 ||| FLEEEEING.
  1649 | D:2      | 1649 ||| FLEEEEING.
  1665 | D:2      | 1665 ||| FLEEEEING.
  1682 | D:2      | 1682 ||| FLEEEEING.
  1683 | D:2      | 1683 ||| FLEEEEING.
  1703 | D:2      | 1703 ||| FLEEEEING.
  1704 | D:2      | 1704 ||| FLEEEEING.
  1814 | D:2      | Found a faded altar of an unknown god.
  2164 | D:2      | 2164 ||| Stepping ~*~*~tactically~*~*~ (stealth).
  2184 | D:2      | Gained mutation: Your magical nature lets you fly swiftly
                  | and evasively. [Tengu growth]
  2184 | D:2      | Reached XP level 5. HP: 27/30 MP: 9/9
  2504 | D:2      | 2504 ||| DROPPING amulet of magic regeneration.
  2505 | D:2      | 2505 ||| READING scroll labelled JEKEMEO MEMEA.
  2506 | D:2      | 2506 ||| READING scroll labelled HONEN DIURHOW.
  2507 | D:2      | 2507 ||| READING scroll labelled RAZEFO YLOAMI.
  2508 | D:2      | 2508 ||| DRINKING 2 orange potions.
  2509 | D:2      | 2509 ||| DROPPING potion of flight.
  2552 | D:3      | 2552 ||| STAIRDANCE
  2562 | D:3      | 2562 ||| STAIRDANCE
  2616 | D:3      | 2616 ||| Stepping ~*~*~tactically~*~*~ (stealth).
  2632 | D:3      | 2632 ||| Stepping ~*~*~tactically~*~*~ (stealth).
  2633 | D:3      | Noticed Grinder
  2639 | D:3      | HP: 5/30 [Grinder (4)]
  2639 | D:3      | Slain by a worm

Levels and vault maps discovered:
D:1:      dpeg_arrival_snail, layout_loops_ring, serial_park_tiny_1
D:2:      minmay_thinvault, layout_basic, shapermc_ecumenical_altar_ellora,
          basic_altar, minmay_pentomino_v2, uniq_jessica
D:3:      layout_rooms, dreamdust_wishing_well, serial_bayou_pond_e,
          uniq_grinder

Skill      XL: |  1  2  3  4 |
---------------+-------------+-----
Axes           | 3 4 5 |  5.7
Fighting       | |  2.0
Throwing       | |  1.0
Armour         | |  1.1
Dodging        | |  2.1
Spellcasting   | |  2.0
Translocations | |  2.4

Action                   |  1- 3 |  4- 6 || total
-------------------------+-------+-------++-------
Melee: Hand axe          |    44 |    72 ||   116
       Kick              |     6 |    19 ||    25
       Peck              |     5 |     6 ||    11
Throw: Boomerang         |     7 |       ||     7
  Use: Scroll            |     3 |     3 ||     6
       Potion            |     1 |     1 ||     2
Armor: Leather armour    |     3 |       ||     3
       Scale mail        |    25 |    25 ||    50
Dodge: Dodged            |    23 |    21 ||    44

Table legend:
 A = Non-vault XP
 B = Vault XP
 C = Vault XP percentage of total XP
 D = Non-vault monster count
 E = Vault monster count
 F = Vault count percentage of total count
                 A         B        C        D         E       F
            +---------+---------+-------+---------+---------+-------
      Total |      94 |      91 |  49.2 |      36 |      19 |  34.5
            +---------+---------+-------+---------+---------+-------
        D:1 |      17 |       0 |   0.0 |       9 |       0 |   0.0
        D:2 |      59 |      91 |  60.7 |      20 |      19 |  48.7
        D:3 |      18 |       0 |   0.0 |       7 |       0 |   0.0
            +---------+---------+-------+---------+---------+-------
